 Dungeon Crawl Stone Soup version 0.27.0-1-g7a089689b8 (webtiles) character file.

Game seed: 6852788420311688547

56 horus123 the Shield-Bearer (level 4, -2/35 HPs)
             Began as a Human Fighter on Aug 15, 2021.
             Slain by an adder (3 damage)
             ... on level 2 of the Dungeon.
             The game lasted 00:03:23 (1631 turns).

horus123 the Shield-Bearer (Human Fighter)          Turns: 1631, Time: 00:03:24

Health: -2/35      AC:  6    Str: 17    XL:     4   Next: 15%
Magic:  4/4        EV:  7    Int:  9    God:
Gold:   35         SH:  9    Dex: 12    Spells: 3/3 levels left

rFire    . . .     SeeInvis .   a - +1 flail
rCold    . . .     Faith    .   c - +0 kite shield
rNeg     . . .     Spirit   .   b - +0 scale mail
rPois    .         Reflect  .   (no helmet)
rElec    .         Harm     .   (no cloak)
rCorr    .         Rampage  .   (no gloves)
Will     .....                  (no boots)
Stlth    ..........             (no amulet)
HPRegen  0.11/turn              (no ring)
MPRegen  0.09/turn              (no ring)

@: no status effects
A: no striking features
a: no special abilities


You were on level 2 of the Dungeon.
You visited 1 branch of the dungeon, and saw 2 of its levels.

You collected 35 gold pieces.

Inventory:

Hand Weapons
 a - a +1 flail (weapon)
Missiles
 f - 43 stones (quivered)
Armour
 b - a +0 scale mail (worn)
 c - a +0 kite shield (worn)
Scrolls
 h - a scroll of fear
Potions
 d - a potion of might
 e - a potion of mutation {unknown}
 g - a potion of lignification {unknown}


   Skills:
 + Level 3.2 Fighting
 + Level 3.2 Maces & Flails
 + Level 3.3 Armour
 + Level 0.1 Dodging
 + Level 3.3 Shields


You had 3 spell levels left.
You didn't know any spells.
Your spell library contained the following spells:

 Spells                   Type           Power      Damage    Failure   Level
 Call Canine Familiar     Summ           0%         N/A       100%        3
 Portal Projectile        Hex/Tloc       0%         N/A       100%        3
 Leda's Liquefaction      Hex/Erth       0%         N/A       100%        4


Dungeon Overview and Level Annotations

Branches:
Dungeon (2/15)

Altars:


Message History

The adder closely misses you.
You hit the adder.
The adder is severely wounded.
You block the gnoll's attack. You block the adder's attack.
The gnoll hits you but does no damage.
The gnoll hits you from afar with a +0 spear.
The gnoll barely misses you.
The gnoll hits you from afar with a +0 spear.
The adder bites you but does no damage.
You are too injured to fight recklessly!
You closely miss the adder.
The adder is severely wounded.
You block the adder's attack.
The gnoll hits you from afar with a +0 spear!
* * * LOW HITPOINT WARNING * * *
The adder completely misses you.
The gnoll hits you from afar with a +0 spear.
* * * LOW HITPOINT WARNING * * *
The adder bites you.
* * * LOW HITPOINT WARNING * * *
You are poisoned.
The adder poisons you! You block the adder's attack.
The gnoll hits you from afar with a +0 spear.
* * * LOW HITPOINT WARNING * * *
* * * LOW HITPOINT WARNING * * *
You feel sick.
You miss the adder.
The adder is severely wounded.
* * * LOW HITPOINT WARNING * * *
You feel sick.
The adder bites you but does no damage. x2
Your shield prevents you from hitting the adder.
The adder is severely wounded.
* * * LOW HITPOINT WARNING * * *
You feel sick.
You are no longer poisoned.
The adder bites you but does no damage. You block the adder's attack.
You miss the adder.
The adder is severely wounded.
You block the adder's attack. The adder bites you.
You die...

.... ...# # # #...#.# .
g.... #####.# ...##
#...#.## ###"...#
#.#....###gg...#
#.#..#...#S#####
#.#..###..@#
######.....#..#...(....
#.........†..###.######
#.........''...#.+
#.........##.....#
#.........##.....#
#.........########
#.....)...#
##.........#


You could see 2 gnolls and an adder.

Vanquished Creatures
  A gnoll (D:1)
  6 endoplasms
  6 giant cockroaches (D:1)
  9 hobgoblins
  A quokka (D:2)
  A ball python (D:1)
  4 bats
  2 frilled lizards
  4 goblins
  4 kobolds (D:1)
  2 rats
40 creatures vanquished.

Notes
Turn   | Place    | Note
-------+----------+-------------------------------------------
     0 | D:1      | horus123 the Human Fighter began the quest for the Orb.
     0 | D:1      | Reached XP level 1. HP: 18/18 MP: 1/1
   268 | D:1      | Reached XP level 2. HP: 24/24 MP: 2/2
   620 | D:1      | Reached XP level 3. HP: 29/29 MP: 3/3
  1453 | D:2      | Reached XP level 4. HP: 21/35 MP: 4/4
  1630 | D:2      | HP: 1/35 [poisoned by an adder]
  1631 | D:2      | Slain by an adder

Illustrated notes

Levels and vault maps discovered:
D:1:      lightli_arrival_farm, layout_basic
D:2:      layout_basic, minmay_pentomino_r2

Skill      XL: |  1  2  3 |
---------------+----------+-----
Maces & Flails | 3 |  3.2
Fighting       | |  3.2
Armour         | |  3.3
Dodging        | |  0.1
Shields        | |  3.3

Action                   |  1- 3 |  4- 6 || total
-------------------------+-------+-------++-------
Melee: Flail             |    86 |    25 ||   111
Throw: Stone             |     3 |       ||     3
  Use: Scroll            |     6 |       ||     6
Armor: Scale mail        |    65 |    18 ||    83
Dodge: Dodged            |    32 |    15 ||    47
Block: Kite shield       |    71 |    18 ||    89
